 Dungeon Crawl Stone Soup version 0.16.0-17-g811c1d7 (webtiles) character file.

600 Sorcv the Covert (level 7, -3/36 HPs)
             Began as a Kobold Enchanter on Mar 21, 2015.
             Shot with an arrow by a centaur (8 damage)
             ... on level 5 of the Dungeon.
             The game lasted 00:10:58 (2633 turns).

Sorcv the Covert (Kobold Enchanter)                 Turns: 2633, Time: 00:10:58

Health: -3/36      AC:  3    Str:  7    XL:     7   Next: 69%
Magic:  6/12       EV: 15    Int: 13    God:
Gold:   239        SH:  0    Dex: 18    Spells: 3 memorised, 4 levels left

rFire  x . .     SeeInvis .     a - +2 dagger
rCold  + . .     Clarity  .     b - +1 robe
rNeg   . . .     SustAb   .     (no shield)
rPois  .         Gourm    .     (no helmet)
rElec  .         Spirit   .     (no cloak)
rCorr  .         Warding  .     (no gloves)
rMut   .         Stasis   .     (no boots)
MR     .....                    q - amulet of regeneration
Stlth  ++++++....               (no ring)
                                p - ring of ice

@: lethally poisoned (-3 -> -3), not resistant to hostile enchantments, very
stealthy
A: carnivore 3
a: no special abilities


You were on level 5 of the Dungeon.
You were not hungry.

You visited 1 branch of the dungeon, and saw 5 of its levels.

You collected 239 gold pieces.

Inventory:

Hand weapons
 a - a +2 dagger (weapon)
Armour
 b - a +1 robe (worn)
Jewellery
 p - a ring of ice (left hand)
 q - an amulet of regeneration (around neck)
Magical devices
 t - a wand of enslavement (22)
Scrolls
 h - a scroll of enchant weapon
 i - a scroll of blinking
 j - 2 scrolls of identify
 k - a scroll of recharging
 m - a scroll of teleportation
 r - 2 scrolls of remove curse
Potions
 e - a potion of agility
 f - a potion of restore abilities
 n - 4 potions of curing
 o - a potion of magic {unknown}
 u - a potion of lignification {unknown}
Books
 c - a book of Maledictions

   Spells                             Type                      Level
   a - Corona                         Hexes                        1
   b - Sure Blade                     Hexes/Charms                 2
   c - Ensorcelled Hibernation        Hexes/Ice                    2
   d - Confuse                        Hexes                        3
   e - Dazzling Spray                 Conjuration/Hexes            3
   f - Enslavement                    Hexes                        4
Comestibles
 d - 3 meat rations
 g - a beef jerky
 l - a royal jelly
 v - 2 slices of pizza


   Skills:
 - Level 1.3 Short Blades
 - Level 2.4 Dodging
 + Level 11.5 Stealth
 - Level 2.0 Spellcasting
 - Level 3.0 Hexes


You had 4 spell levels left.
You knew the following spells:

 Your Spells              Type           Power        Failure   Level  Hunger
a - Corona                Hex            #......      10%         1    ##.....
b - Ensorcelled Hibernat  Hex/Ice        #.....       21%         2    ###....
c - Confuse               Hex            #.......     21%         3    ####...


Dungeon Overview and Level Annotations

Branches:
Dungeon (5/15)
 Temple: D:4-7

Altars:
Gozag
Kikubaaqudgha
Sif Muna
Trog
Yredelemnul
Zin


Innate Abilities, Weirdness & Mutations

You are small and have problems with some larger weapons.
You are carnivorous and can eat meat at any time.


Message History

The worker ant twitches its antennae in your direction.
The centaur wields a shortbow.
The centaur shoots an arrow.
The arrow hits you! The worker ant bites you!
You are poisoned.
The worker ant poisons you!
The centaur shoots an arrow.
The arrow hits you.
The worker ant waves its antennae.
The worker ant completely misses you.
You see here 2 arrows.
You closely miss the worker ant.
You feel sick.
The centaur shoots an arrow.
The arrow hits you!
* * * LOW HITPOINT WARNING * * *
The worker ant barely misses you.
Casting: Confuse
Confirm with . or Enter, or press ? or * to list all spells.
Aiming: Confuse
Press: ? - help, Shift-Dir - straight line, f - centaur
Aim: a centaur, wielding a shortbow (chance 40%)
The centaur resists with some effort.
You feel sick.
The centaur shoots an arrow.
The arrow hits you!
You die...

..# ....# ...#+##
......# .....+
.....#+#. #c.......
#.........
##+#@........
#....a....... ..+
+..?.....%..
#...####...#+####..
#..........# .
+..........#
#..........+ ##
#..........#
.#######.....#'## .


You could see a centaur and a worker ant.

Vanquished Creatures
  An ogre (D:5)
  A phantom (D:3)
  A vampire bat (D:4)
  A crimson imp (D:4)
  An orc priest (D:4)
  2 orc wizards (D:4)
  2 worker ants (D:4)
  An iguana (D:5)
  A hound skeleton (D:5)
  Robin (D:3)
  5 adders
  A giant mite (D:2)
  A worm (D:4)
  2 adder skeletons (D:4)
  2 giant geckos
  An ooze (D:3)
  10 orcs
  2 ball pythons
  4 bat skeletons
  3 bat zombies (D:4)
  14 hobgoblins
  3 jackals (D:3)
  A quokka (D:4)
  6 bats
  8 giant cockroaches
  5 giant newts
  19 goblins
  7 kobolds
  A quokka skeleton (D:5)
  3 rats
110 creatures vanquished.

Notes
Turn   | Place    | Note
--------------------------------------------------------------
     0 | D:1      | Sorcv, the Kobold Enchanter, began the quest for the Orb.
     0 | D:1      | Reached XP level 1. HP: 10/10 MP: 3/3
   164 | D:1      | Reached XP level 2. HP: 7/15 MP: 4/4
   286 | D:1      | Reached skill level 5 in Stealth
   474 | D:2      | Reached XP level 3. HP: 12/19 MP: 6/6
   532 | D:2      | Reached skill level 6 in Stealth
   573 | D:2      | Reached XP level 4. HP: 17/24 MP: 7/7
   580 | D:2      | Learned a level 2 spell: Ensorcelled Hibernation
   584 | D:2      | Learned a level 3 spell: Confuse
   695 | D:2      | Found a glowing silver altar of Zin.
   724 | D:2      | Found a deep blue altar of Sif Muna.
   990 | D:3      | Found a bloodstained altar of Trog.
  1012 | D:3      | Noticed Robin
  1028 | D:3      | Reached skill level 7 in Stealth
  1069 | D:3      | Killed Robin
  1149 | D:3      | Reached XP level 5. HP: 28/28 MP: 9/9
  1265 | D:3      | Noticed a phantom
  1539 | D:3      | Found an opulent altar of Gozag.
  1592 | D:3      | Killed a phantom
  1592 | D:3      | Reached skill level 8 in Stealth
  1592 | D:3      | Reached XP level 6. HP: 32/32 MP: 1/10
  1622 | D:4      | Reached skill level 9 in Stealth
  1644 | D:4      | HP: 1/32 [orc priest/war axe (8)]
  1714 | D:4      | Reached skill level 10 in Stealth
  1998 | D:4      | Reached XP level 7. HP: 36/36 MP: 12/12
  2083 | D:4      | Found an ancient bone altar of Kikubaaqudgha.
  2338 | D:5      | Entered Level 5 of the Dungeon
  2463 | D:5      | Reached skill level 11 in Stealth
  2466 | D:5      | Found a basalt altar of Yredelemnul.
  2633 | D:5      | Shot with an arrow by a centaur

Action                   |  1- 3 |  4- 6 |  7- 9 || total
-------------------------+-------+-------+-------++-------
Melee: Dagger            |    68 |   181 |    45 ||   294
 Cast: Ensorcelled Hiber |       |    10 |     8 ||    18
       Confuse           |       |     7 |     3 ||    10
       Corona            |       |     2 |       ||     2
  Use: Scroll            |       |    13 |       ||    13
       Potion            |       |     4 |       ||     4
 Stab: Sleeping          |     8 |    15 |    10 ||    33
       Confused          |       |     2 |       ||     2
  Eat: Chunk             |       |    11 |       ||    11
